 Dungeon Crawl Stone Soup version 0.29-a0-266-gf56f883ddd (webtiles) character file.

Game seed: 733501674147323650

23 sammy202020 the Chopper (level 2, -3/25 HPs)
             Began as a Palentonga Berserker on Mar 6, 2022.
             Was a Follower of Trog.
             Slain by an adder (4 damage)
             ... on level 2 of the Dungeon.
             The game lasted 00:01:27 (1326 turns).

sammy202020 the Chopper (Palentonga Berserker)      Turns: 1326, Time: 00:01:27

Health: -3/25      AC:  4    Str: 20    XL:     2   Next: 72%
Magic:  2/2        EV:  9    Int:  7    God:    Trog [*.....]
Gold:   113        SH:  0    Dex:  9    Spells: 1/1 levels left

rFire   . . .      SeeInvis +   a - +0 hand axe
rCold   . . .      Faith    .   (no shield)
rNeg    . . .      Spirit   .   b - +0 animal skin
rPois   .          Reflect  .   (no helmet)
rElec   .          Harm     .   (no cloak)
rCorr   .          Rampage  .   (no gloves)
Will    .....                   (no barding)
Stlth   +.........              (no amulet)
HPRegen 0.08/turn               (no ring)
MPRegen 0.08/turn               (no ring)

@: lethally poisoned (-3 -> -5)
A: large, rugged brown scales 3, see invisible, deformed body, roll 1, armoured
tail
a: Rolling Charge, Renounce Religion, Berserk


You were on level 2 of the Dungeon.
You worshipped Trog.
Trog was aware of your devotion.
You visited 1 branch of the dungeon, and saw 2 of its levels.

You collected 113 gold pieces.

Inventory:

Hand Weapons
 a - a +0 hand axe (weapon)
 c - a +0 whip
Armour
 b - a +0 animal skin (worn)
Jewellery
 g - a +6 ring of intelligence
Scrolls
 d - a scroll of magic mapping {unknown}
 f - a scroll of blinking {unknown}
 i - a scroll of enchant weapon {unknown}
Potions
 e - a potion of attraction
 h - a potion of curing {unknown}


   Skills:
 * Level 3.2 Fighting
 * Level 3.4 Axes
 * Level 2.0 Armour
 + Level 1.7 Dodging


You had one spell level left.
You didn't know any spells.
Your spell library was empty.

Dungeon Overview and Level Annotations

Branches:
Dungeon (2/15)

Altars:
Ru


Innate Abilities, Weirdness & Mutations

You are completely covered in rugged brown scales. (AC +3, +7% HP)
You have supernaturally acute eyesight. (SInv)
Armour fits poorly on your strangely shaped body.
You can roll at nearby foes to attack.
You have a long armoured tail.


Message History

An adder is nearby!
The adder hisses angrily.
You see here a +0 club.
The adder closely misses you.
You barely miss the adder.
The adder bites you but does no damage. x2
You completely miss the adder. The adder bites you.
You are poisoned.
The adder poisons you!
You closely miss the adder.
You feel sick. The adder barely misses you.
You closely miss the adder.
You feel sick. The adder bites you.
You are more poisoned.
The adder poisons you! The adder barely misses you.
You miss the adder.
You feel sick. The adder bites you.
You are too injured to fight recklessly!
You are too injured to fight recklessly!
You are too injured to fight recklessly!
You are too injured to fight recklessly!
You are too injured to fight recklessly!
You are too injured to fight recklessly!
You are too injured to fight recklessly!
You are too injured to fight recklessly!
You are too injured to fight recklessly!
You are too injured to fight recklessly!
You are too injured to fight recklessly!
An adder is nearby!
You miss the adder.
You feel sick. The adder barely misses you.
The adder bites you but does no damage.
You miss the adder.
Your tail-slap misses the adder.
You feel sick. The adder barely misses you.
You slash the adder!
The adder is severely wounded.
You feel sick. The adder bites you.
* * * LOW HITPOINT WARNING * * *
The adder bites you.
* * * LOW HITPOINT WARNING * * *
You hit the adder.
The adder is almost dead.
* * * LOW HITPOINT WARNING * * *
You feel sick. The adder bites you.
You die...

#...###.#....#
.............#.
#..............
...............
#..#.....#...#
.>...........
.#.....S.#.#.#.
...._..@......#
.........#.#...
.#.....)##.##..
#.#...........
.#####..#######
...............
.######.########.#
#..........#
..######.##########


You could see an adder.

Vanquished Creatures
  A dart slug (D:1)
  2 ball pythons (D:1)
  An endoplasm (D:1)
  2 giant cockroaches (D:1)
  2 goblins
  A hobgoblin (D:1)
  5 kobolds (D:1)
  2 quokkas (D:1)
  A frilled lizard (D:1)
  3 rats (D:1)
20 creatures vanquished.

Notes
Turn   | Place    | Note
-------+----------+-------------------------------------------
     0 | D:1      | sammy202020 the Palentonga Berserker began the quest for
                  | the Orb.
     0 | D:1      | Reached XP level 1. HP: 19/19 MP: 1/1
   312 | D:1      | Found a faded altar of an unknown god.
   330 | D:1      | Reached XP level 2. HP: 20/25 MP: 2/2
  1289 | D:2      | Found a sacrificial altar of Ru.
  1326 | D:2      | HP: 1/25 [poisoned by an adder]
  1326 | D:2      | Slain by an adder

Illustrated notes

Levels and vault maps discovered:
D:1:      dpeg_arrival_concentric_ovals, layout_basic,
          shapermc_ecumenical_altar_pompeii, hangedman_decor_clover_reticule,
          minmay_misc_feat_tiny, dreamdust_wishing_well, st_stairs_4
D:2:      layout_basic, basic_altar

Skill      XL: |  1  2 |
---------------+-------+-----
Armour         | 2 |  2.0
Fighting       | |  3.2
Axes           | |  3.4
Dodging        | |  1.7

Action                   || total
-------------------------++-------
Melee: Hand axe          ||    72
       Tailslap          ||     2
  Use: Scroll            ||     1
Armor: Animal skin       ||    20
Dodge: Dodged            ||    31

Table legend: (Time is in decaauts)
 A = Elapsed time spent in this place.
 B = Non-inter-level travel time spent in this place.
 C = Inter-level travel time spent in this place.
 D = Time resting spent in this place.
 E = Time spent auto-exploring this place.
 F = Levels seen in this place.
 G = Mean time per level.
                   A        B        C        D        E       F      G
               +--------+--------+--------+--------+--------+-----+--------+
         Total |   1335 |   1297 |     38 |      0 |   1097 |   2 |  667.5 |
       Dungeon |   1335 |   1297 |     38 |      0 |   1097 |   2 |  667.5 |
               +--------+--------+--------+--------+--------+-----+--------+

Top non-repeatable levels by time:
     D:1: 1294 daAuts
     D:2: 41 daAuts
